Map: Interloper LE

Players

Silky

  • Race: Zerg Zerg
  • Spawn Location: 11:00

Jig - Winner!

  • Race: Zerg Zerg
  • Spawn Location: 5:00

Event: WCS Montreal 2017

VOD

Have the link to the VOD?

Description

Time

  • Played on: Sept. 8, 2017, 12:48 p.m.
  • Length: 35:40

All games in this series

Show
View Real Time Build Order
Export as new Build Order

Silky Zerg 

Build Orders: Pool First 

Get SALT Encoding   

  12  0:00  Drone  
  13  0:12  Overlord  
  13  0:16  Drone  
  14  0:31  Drone x2  
  14  0:34  Drone  
  17  0:44  Spawning Pool  
  17  0:47  Drone  
  17  0:59  Drone  
  18  1:11  Hatchery  
  17  1:31  Queen, Zergling x6  
  22  1:34  Extractor  
  21  1:42  Overlord  
  21  1:52  Drone  
  22  2:04  Drone  
  22  2:07  Queen  
  25  2:14  Drone  
  27  2:22  Drone  
  27  2:25  Zergling x2  
  28  2:35  Drone  
  29  2:39  Drone x2  
  31  2:44  Drone x2  
  31  2:47  Metabolic Boost  
  31  2:50  Drone x2  
  33  2:58  Drone  
  33  2:59  Baneling Nest  
  33  3:00  Drone  
  34  3:15  Hatchery  
  34  3:19  Overlord  
  33  3:22  Drone x2  
  35  3:38  Zergling x10  
  35  3:39  Zergling x4  
  40  3:50  Spore Crawler  
  40  3:52  Drone x4  
  44  3:59  Overlord x2  
  44  4:08  Extractor, Roach Warren  
  42  4:12  Baneling  
  42  4:15  Drone x2  
  44  4:19  Drone x2  
  44  4:22  Drone x2  
  45  4:32  Evolution Chamber  
  45  4:33  Drone x2  
  45  4:34  Drone x4  
  45  4:37  Drone x2  
  45  4:38  Drone  
  50  4:44  Lair  
  50  4:51  Extractor  
  50  4:52  Drone x4  
  53  4:56  Queen  
  55  5:01  Queen  
  55  5:04  Drone x2  
  59  5:08  Drone x3  
  59  5:09  Drone  
  59  5:12  Baneling x2  
  63  5:16  Drone  
  63  5:17  Drone, Zerg Missile Weapons Level 1  
  63  5:19  Drone  
  66  5:23  Overlord x2  
  66  5:29  Overlord  
  66  5:33  Spore Crawler x2  
  66  5:34  Spore Crawler  
  62  5:37  Queen  
  62  5:41  Queen  
  66  5:46  Hydralisk Den  
  66  5:47  Extractor  
  66  5:48  Drone x3  
  67  5:52  Spore Crawler  
  66  5:58  Drone x8  
  66  6:00  Overseer  
  66  6:03  Drone  
  75  6:05  Extractor  
  75  6:10  Drone x3  
  77  6:13  Queen  
  77  6:16  Hydralisk  
  77  6:17  Hydralisk x2  
  85  6:21  Hydralisk x2  
  89  6:26  Muscular Augments  
  89  6:27  Glial Reconstitution  
  89  6:29  Overlord  
  89  6:31  Overlord  
  89  6:35  Spore Crawler  
  89  6:37  Overlord  
  88  6:45  Overlord x2  
  88  6:48  Hydralisk  
  88  6:50  Hydralisk x4  
  98  6:58  Roach x3  
  98  6:59  Roach  
  106  7:02  Extractor  
  106  7:06  Overlord  
  105  7:13  Zerg Missile Weapons Level 2  
  105  7:15  Overlord  
  105  7:16  Drone x2  
  105  7:17  Roach x5  
  105  7:18  Roach  
  119  7:26  Roach x5  
  119  7:29  Overseer  
  129  7:32  Overlord x2  
  129  7:37  Overlord  
  129  7:40  Roach x2  
  129  7:42  Roach  
  135  7:47  Overlord  
  135  7:52  Roach x5  
  135  7:55  Overseer  
  145  7:59  Roach x4  
  145  8:03  Roach x3  
  159  8:08  Roach x2  
  163  8:14  Overlord  
  163  8:15  Overseer  
  163  8:16  Overlord  
  163  8:27  Overlord  
  163  8:29  Hatchery  
  163  8:30  Overseer x2  
  162  8:35  Overlord  
  162  8:36  Hydralisk x4  
  170  8:45  Roach x5  
  170  8:47  Ravager x5  
  170  8:48  Ravager  
  186  8:55  Drone  
  187  8:56  Spine Crawler  
  187  8:57  Spine Crawler  
  185  9:06  Spire  
  184  9:11  Overlord  
  182  9:25  Drone x3  
  182  9:26  Drone x4  
  182  9:27  Lurker Den  
  189  9:46  Ravager x3  
  189  9:47  Ravager x5  
  197  10:05  Overlord x3  
  194  10:08  Overlord  
  194  10:12  Infestation Pit  
  194  10:13  Overlord  
  194  10:14  Overlord  
  193  10:16  Extractor x2  
  193  10:20  Zerg Flyer Weapons Level 1  
  193  10:21  Overlord x3  
  191  10:26  Drone  
  191  10:28  Hatchery  
  191  10:29  Hydralisk x3  
  197  10:48  Hive  
  197  10:52  Drone x3  
  200  10:58  Unknown, Spore Crawler, Spine Crawler x3  
  200  11:00  Spine Crawler  
  195  11:08  Lurker  
  195  11:09  Lurker x2  
  198  11:18  Tunneling Claws  
  198  11:19  Burrow  
  194  11:49  Infestor x3  
  198  11:57  Infestor  
  198  11:58  Infestor  
  198  12:14  Greater Spire  
  198  12:25  Spore Crawler, Spine Crawler  
  198  12:26  Spore Crawler  
  198  12:28  Spore Crawler  
  194  12:34  Hydralisk  
  194  12:35  Hydralisk x9  
  177  12:54  Overseer  
  177  12:55  Overseer x2  
  156  12:59  Overlord x3  
  112  13:12  Hydralisk x12  
  99  13:13  Hydralisk x11  
  124  13:21  Spore Crawler, Roach x2  
  124  13:25  Hydralisk x4  
  115  13:32  Overseer x2  
  108  13:48  Roach x3  
  102  13:49  Drone x3  
  102  13:54  Unknown  
  102  13:55  Unknown x3  
  102  14:15  Hydralisk  
  94  14:21  Roach x3  
  76  14:34  Hydralisk  
  71  14:59  Drone x2  
  73  15:16  Drone  
  70  15:34  Drone x2  
  72  15:47  Hydralisk  
  74  16:02  Drone x13  
  73  16:18  Unknown  
  72  16:27  Infestor x3  
  69  16:43  Drone x4  
  69  16:44  Unknown  
  72  17:13  Mutalisk x4  
  80  17:20  Mutalisk x2  
  84  17:39  Drone  
  84  17:40  Drone x6  
  91  17:46  Extractor  
  91  17:48  Mutalisk  
  91  17:49  Extractor  
  89  18:09  Mutalisk  
  89  18:17  Mutalisk  
  89  18:19  Drone x5  
  96  18:37  Zergling x4  
  96  18:38  Mutalisk  
  96  18:41  Mutalisk  
  102  18:50  Mutalisk  
  104  18:58  Overlord  
  104  19:18  Drone x7  
  104  19:19  Drone  
  112  19:29  Overlord x2  
  112  19:30  Overlord  
  112  19:35  Unknown  
  112  19:38  Unknown x2  
  112  19:39  Unknown x3  
  112  19:49  Mutalisk x5  
  122  19:58  Mutalisk x2  
  126  20:05  Viper  
  129  20:28  Overlord x3  
  129  20:38  Unknown  
  129  20:39  Unknown  
  129  20:40  Zerg Flyer Weapons Level 2  
  127  20:44  Overlord  
  127  20:50  Drone x5  
  127  20:52  Drone x2  
  127  20:53  Drone x2  
  127  20:54  Mutalisk  
  138  20:57  Hatchery  
  138  20:59  Queen  
  138  21:04  Mutalisk x2  
  139  21:08  Mutalisk  
  145  21:15  Viper  
  145  21:16  Mutalisk  
  150  21:22  Zergling x2  
  150  21:23  Zergling x2  
  152  21:27  Mutalisk  
  152  21:30  Mutalisk  
  156  21:37  Unknown  
  156  21:39  Overlord  
  156  21:40  Overlord x2  
  155  22:07  Mutalisk x4  
  155  22:08  Mutalisk  
  163  22:15  Mutalisk  
  161  22:18  Overlord  
  163  22:31  Mutalisk x2, Hydralisk x3  
  163  22:34  Drone x7  
  163  22:35  Drone x5  
  163  22:36  Queen  
  181  22:40  Extractor  
  180  22:45  Mutalisk x2  
  184  22:55  Mutalisk  
  186  23:09  Overlord  
  161  23:29  Mutalisk  
  161  23:30  Mutalisk x5  
  169  23:38  Drone x4  
  169  23:39  Drone x8  
  169  23:40  Drone  
  182  23:46  Overlord x2  
  182  23:55  Zerg Flyer Weapons Level 3  
  182  24:04  Mutalisk x3  
  184  24:23  Overlord x3  
  184  24:38  Corruptor x4  
  188  24:51  Corruptor  
  187  25:02  Extractor  
  187  25:03  Spine Crawler x2, Extractor  
  187  25:06  Spine Crawler  
  182  25:17  Corruptor  
  182  25:18  Corruptor  
  186  25:23  Hatchery  
  186  25:25  Zergling x2  
  186  25:38  Unknown x12  
  180  25:52  Corruptor x3  
  155  26:23  Corruptor x2  
  129  26:54  Corruptor  
  129  26:55  Corruptor x2  
  119  27:13  Mutalisk  
  103  27:26  Corruptor  
  97  27:35  Corruptor  
  97  27:36  Hatchery  
  94  27:45  Hatchery  
  85  27:54  Mutalisk x2  
  85  27:55  Zergling x12  
  85  27:56  Zergling x2  
  93  28:11  Zergling x4  
  95  28:12  Hatchery  
  94  28:36  Extractor  
  94  28:39  Extractor  
  92  28:43  Mutalisk  
  92  28:47  Hatchery, Zergling x10  
  98  28:50  Queen  
  100  29:01  Zergling x6  
  100  29:02  Zergling x2  
  102  29:03  Drone  
  98  29:19  Drone  
  98  29:20  Zergling x14  
  98  29:23  Extractor  
  105  29:25  Extractor  
  98  29:52  Drone  
  97  29:54  Drone x5  
  99  30:01  Hydralisk Den  
  92  30:31  Hydralisk x6  
  92  30:33  Zergling x12  
  92  30:34  Drone, Zergling x4  
  92  30:35  Drone x2  
  115  30:36  Queen  
  115  30:40  Hydralisk  
  114  30:47  Extractor  
  114  30:48  Hydralisk  
  115  30:50  Extractor  
  114  30:58  Hydralisk  
  114  30:59  Hydralisk  
  114  31:01  Drone x3  
  117  31:10  Hydralisk x2  
  121  31:17  Overlord  
  114  31:36  Hydralisk x3  
  114  31:37  Zergling x2, Hydralisk  
  114  31:38  Zergling x14  
  124  31:51  Hatchery  
  123  31:56  Hydralisk Den  
  123  31:57  Hatchery  
  121  32:06  Zergling x4  
  120  32:26  Hydralisk x5  
  120  32:27  Hydralisk  
  128  32:31  Drone x5  
  128  32:32  Drone x6  
  138  32:43  Hydralisk x2  
  138  32:58  Hydralisk x3  
  124  33:13  Drone x6  
  124  33:14  Drone x3  
  127  33:20  Hydralisk x4  
  135  33:29  Hydralisk x3  
  135  33:32  Unknown  
  141  33:39  Hydralisk x3  
  147  33:43  Drone x4  
  147  33:44  Drone  
  138  33:54  Unknown x3, Hydralisk x3  
  138  33:55  Unknown  
  130  34:04  Overseer  
  130  34:05  Overseer  
  130  34:09  Drone x2  
  134  34:10  Drone x5  
  134  34:11  Overseer  
  134  34:12  Overseer  
  134  34:16  Hydralisk  
  139  34:24  Hydralisk x2  
  143  34:32  Hydralisk x2  
  143  34:33  Hydralisk  
  149  34:51  Spawning Pool  
  121  35:11  Hydralisk x7  
  121  35:12  Hydralisk x3  
Show
View Real Time Build Order
Export as new Build Order

Jig Zerg - Winner!

Build Orders: Pool First, Lurkers 

Get SALT Encoding   

  12  0:00  Drone  
  13  0:10  Drone  
  14  0:18  Overlord  
  14  0:32  Spawning Pool  
  13  0:36  Drone  
  13  0:40  Drone  
  15  0:44  Drone  
  15  0:49  Drone  
  17  1:10  Hatchery  
  16  1:13  Drone  
  17  1:19  Zergling x2  
  17  1:20  Zergling x2  
  19  1:29  Queen  
  21  1:38  Overlord, Extractor  
  20  1:46  Drone  
  21  1:56  Drone  
  22  2:03  Drone  
  22  2:04  Queen  
  25  2:14  Drone  
  26  2:24  Zergling x4  
  26  2:34  Zergling x4  
  25  2:44  Zergling x4  
  25  2:46  Drone x2  
  28  2:55  Drone x2  
  30  3:01  Lair  
  30  3:02  Queen  
  32  3:06  Overlord  
  32  3:09  Drone  
  33  3:16  Drone x2  
  33  3:19  Overlord  
  35  3:27  Drone  
  35  3:28  Drone x2  
  35  3:32  Drone  
  36  3:41  Drone  
  36  3:49  Drone x2  
  36  3:52  Drone x3  
  36  3:54  Spine Crawler  
  39  3:58  Evolution Chamber  
  39  4:00  Roach Warren  
  37  4:06  Evolution Chamber  
  37  4:11  Spire  
  37  4:16  Spine Crawler  
  35  4:18  Spine Crawler  
  35  4:20  Drone x2  
  36  4:27  Evolution Chamber  
  36  4:28  Drone x2  
  36  4:29  Drone  
  39  4:32  Drone x3  
  42  4:43  Evolution Chamber  
  42  4:44  Queen  
  42  4:47  Queen  
  42  4:50  Extractor  
  42  4:51  Extractor  
  40  4:58  Overlord  
  41  5:01  Drone x4  
  43  5:07  Extractor  
  43  5:10  Drone x2  
  44  5:22  Mutalisk  
  44  5:23  Mutalisk  
  48  5:33  Mutalisk  
  49  5:35  Overlord  
  49  5:36  Drone x2  
  49  5:37  Drone x2  
  53  5:45  Mutalisk  
  53  5:47  Drone  
  53  5:48  Drone x3  
  61  5:59  Mutalisk x2  
  63  6:05  Hatchery  
  63  6:06  Drone x2  
  64  6:12  Overlord  
  64  6:20  Hydralisk Den  
  64  6:21  Zerg Missile Weapons Level 1  
  63  6:28  Drone x5  
  63  6:30  Overlord  
  68  6:33  Zerg Ground Armor Level 1  
  68  6:39  Overlord  
  68  6:49  Spine Crawler  
  68  6:53  Lurker Den  
  67  6:56  Spine Crawler  
  67  6:58  Drone x5  
  71  7:06  Extractor  
  70  7:09  Extractor  
  70  7:15  Hydralisk x5  
  69  7:20  Drone  
  69  7:21  Drone x3  
  81  7:28  Zerg Flyer Armor Level 1  
  81  7:33  Hydralisk x2  
  85  7:37  Overseer  
  85  7:44  Hydralisk x3  
  91  7:51  Overlord  
  91  7:57  Drone x4  
  91  7:58  Drone x2  
  97  8:03  Overlord  
  97  8:14  Overlord  
  97  8:19  Lurker x5  
  102  8:20  Overlord  
  103  8:27  Lurker x2  
  103  8:33  Drone x5  
  109  8:35  Overlord, Drone  
  109  8:37  Hatchery  
  109  8:38  Zerg Missile Weapons Level 2  
  109  8:41  Drone x2  
  111  8:48  Spine Crawler x2  
  111  8:49  Overseer  
  109  9:06  Lurker x3  
  109  9:07  Overlord  
  112  9:13  Overlord  
  112  9:18  Overlord  
  112  9:22  Zerg Flyer Weapons Level 1  
  112  9:24  Overlord  
  112  9:26  Mutalisk x3  
  112  9:28  Overlord  
  118  9:36  Mutalisk x2  
  122  9:40  Overlord  
  122  9:42  Spine Crawler  
  122  9:43  Spine Crawler  
  116  9:51  Hatchery  
  115  9:55  Mutalisk x3  
  115  9:58  Queen, Spine Crawler  
  115  9:59  Spine Crawler x2  
  120  10:04  Spore Crawler  
  120  10:05  Spore Crawler  
  118  10:07  Mutalisk x2  
  118  10:12  Zergling x20  
  132  10:14  Metabolic Boost  
  132  10:21  Overseer  
  132  10:22  Mutalisk  
  132  10:24  Overlord  
  134  10:28  Overlord  
  134  10:30  Infestation Pit  
  134  10:32  Zergling x4  
  135  10:35  Zergling x4  
  135  10:36  Zergling x2  
  135  10:37  Zergling x2  
  135  10:38  Zergling x2  
  140  10:44  Mutalisk x2  
  144  10:51  Zergling x2  
  144  10:52  Zergling x4  
  147  11:03  Overlord  
  147  11:05  Mutalisk x2  
  151  11:15  Overlord  
  151  11:16  Mutalisk x4  
  158  11:26  Zerg Flyer Weapons Level 2  
  158  11:30  Overlord  
  158  11:39  Overlord  
  154  11:49  Drone x4  
  158  11:55  Hive  
  158  11:58  Overlord  
  158  12:05  Zergling x10  
  158  12:07  Hatchery  
  162  12:09  Overlord  
  159  12:15  Hatchery  
  159  12:18  Hydralisk  
  159  12:19  Hydralisk x2  
  152  12:38  Mutalisk  
  152  12:39  Mutalisk x6  
  161  12:45  Lurker  
  150  12:51  Mutalisk x2  
  150  12:52  Mutalisk  
  141  13:02  Mutalisk  
  134  13:12  Mutalisk  
  130  13:16  Overseer  
  126  13:30  Overlord  
  122  13:35  Drone x7  
  129  13:45  Overlord  
  126  13:53  Overlord  
  126  14:07  Overlord  
  93  14:37  Unknown  
  91  14:41  Hydralisk x4  
  96  15:06  Hatchery  
  95  15:10  Lurker x3  
  98  15:19  Overseer  
  98  15:21  Pneumatized Carapace  
  98  15:38  Greater Spire  
  98  15:40  Lurker  
  99  16:03  Corruptor x2  
  103  16:52  Corruptor  
  103  16:53  Corruptor  
  107  16:55  Brood Lord  
  107  16:56  Brood Lord  
  105  17:11  Corruptor x2  
  109  17:38  Brood Lord x2  
  109  17:42  Extractor  
  112  17:49  Overseer  
  112  17:52  Hatchery  
  111  18:10  Overseer  
  111  18:11  Brood Lord  
  111  18:12  Unknown  
  113  18:14  Unknown, Hatchery  
  113  18:15  Overseer  
  112  18:20  Extractor  
  112  18:21  Extractor  
  112  18:22  Drone x10  
  120  18:39  Brood Lord  
  122  18:44  Unknown x3  
  122  18:57  Overseer  
  122  19:11  Unknown  
  122  19:13  Spore Crawler  
  121  19:18  Zerg Flyer Armor Level 2  
  121  19:30  Unknown x2  
  121  19:39  Corruptor x3  
  127  20:03  Drone x14  
  141  20:13  Unknown x5  
  141  20:14  Unknown x2  
  141  20:21  Unknown  
  139  20:32  Spine Crawler, Extractor x2  
  139  20:34  Spine Crawler  
  135  20:36  Unknown  
  137  20:42  Brood Lord  
  137  20:43  Brood Lord  
  137  20:44  Corruptor x4  
  147  21:02  Hatchery  
  146  21:06  Drone x6  
  152  21:14  Spore Crawler  
  152  21:15  Spore Crawler  
  152  21:16  Spore Crawler x2  
  148  21:26  Overseer x2  
  148  21:28  Corruptor x3  
  154  21:34  Zerg Flyer Weapons Level 3  
  154  21:44  Zergling x2  
  154  21:45  Zergling x20  
  153  22:26  Hydralisk x5  
  153  22:27  Hydralisk x2  
  153  22:29  Brood Lord x4  
  161  23:00  Corruptor  
  161  23:01  Corruptor x4  
  145  23:30  Mutalisk x4  
  145  23:31  Mutalisk  
  148  23:42  Drone x11  
  148  23:46  Spore Crawler  
  155  23:49  Spore Crawler x2, Extractor  
  155  23:50  Spore Crawler, Extractor  
  155  23:51  Spore Crawler  
  155  23:52  Spore Crawler x3, Mutalisk x4  
  148  23:57  Spore Crawler x2  
  148  23:59  Spore Crawler, Mutalisk  
  142  24:16  Spore Crawler  
  145  24:17  Spore Crawler  
  145  24:18  Spore Crawler  
  145  24:22  Spore Crawler  
  145  24:23  Zergling x8  
  145  24:24  Spore Crawler  
  145  24:29  Infestor x2  
  145  24:34  Drone  
  145  24:35  Spore Crawler  
  145  24:37  Spore Crawler  
  140  24:42  Infestor  
  140  25:09  Spore Crawler, Infestor x2  
  140  25:12  Spore Crawler  
  141  25:29  Zergling x8  
  144  25:35  Hatchery  
  141  26:07  Spore Crawler x3  
  138  26:11  Infestor x3  
  142  26:22  Drone x9  
  138  26:39  Burrow  
  121  27:08  Mutalisk  
  105  27:32  Drone x4  
  105  27:33  Drone  
  106  27:44  Zergling x4  
  83  27:59  Corruptor  
  73  28:15  Drone x3  
  73  28:16  Drone x5  
  79  28:25  Drone x2  
  79  28:33  Hydralisk x2  
  83  28:43  Hydralisk x2  
  83  28:47  Drone x3  
  90  28:50  Drone x16  
  92  28:56  Hydralisk  
  92  29:10  Hydralisk x2  
  96  29:28  Hydralisk x2  
  96  29:31  Drone x11  
  102  29:39  Drone x4  
  104  30:13  Hydralisk  
  106  30:27  Hydralisk  
  108  30:47  Drone x3  
  108  30:48  Drone x5  
  108  30:49  Zergling x2  
  119  30:50  Extractor, Zergling x18  
  119  30:55  Spine Crawler x2  
  120  31:05  Hydralisk x4  
  121  31:27  Hydralisk x3  
  125  31:38  Drone x6  
  125  31:39  Spore Crawler, Drone x3  
  130  31:40  Spore Crawler  
  122  31:50  Drone x2  
  122  31:51  Drone x3  
  127  31:59  Hatchery  
  126  32:03  Extractor  
  126  32:04  Zergling x2  
  126  32:05  Zergling x32  
  142  32:13  Spine Crawler  
  140  32:28  Hydralisk x4  
  140  32:29  Hydralisk  
  149  32:57  Hydralisk x10  
  149  32:58  Hydralisk x4  
  140  33:08  Hydralisk x2  
  140  33:09  Hydralisk  
  125  33:22  Zergling x34  
  125  33:23  Zergling x2  
  138  33:27  Muscular Augments  
  138  33:31  Zergling x2  
  139  33:49  Zergling x18  
  150  34:01  Hatchery  
  147  34:03  Baneling Nest  
  146  34:10  Hydralisk x6  
  146  34:11  Hydralisk  
  146  34:16  Zergling x12  
  146  34:17  Zergling x6  
  169  34:27  Drone x3  
  172  34:32  Hatchery  
  171  34:40  Unknown x2  
  171  34:48  Hydralisk x8  
  167  35:09  Zergling x10  
  167  35:10  Zergling x14  
  178  35:25  Baneling x12  
Tags
 
Add a new tag
Caveats
  • Supply blocks, unpowered buildings, or Contaminate may cause inaccurate times.
  • Supply counts are checked every 10 seconds.